cohdb
Replays
Latest Replays
All Replays
Popular Replays
Top Player Replays
Match Explorer
How It Works
Community
CoH3 Stats
Reddit
Sign in to upload your games and track your stats! →
Sign in with Steam
Match 43459167
Unlisted
Match 43459167
Overview
Messages
Build Orders
End
Panzergrenadier Squad
Selects Panzerjäger Kommand Battlegroup
Selects Mine Fields
Construct Light Support Kompanie
MG34 Team
Assault Grenadier Squad
2.5-tonne Medical Truck
Fire Support Elements
le.IG 18 Mechanized Group
Construct Panzerarmee Kommand
Walking Stuka Rocket Launcher
Pak 38 Anti-tank Gun Team
Walking Stuka Rocket Launcher
le.IG 18 Mechanized Group
Selects GrB 39 Grenade Launcher Requisition
Selects Crew Shock Tactics
Selects Anti-tank Overwatch
Anti-tank Overwatch
Juize
Viperrexe
Tess300
LORD
DarkLord
juve1975
ElementXV
calinandreiion
0
0
Comments
sign in to comment!
No comments posted yet!